AoeStats
← Tonaay

Arabia

506246139Analyzed
1v1 RM · 21d ago on Sep 12, 2026· 26m 34s· 2 players
Game mode
Random Map
Map size
Tiny (2 player)
Population
200
Speed
Normal
Resources
Standard
Victory
Conquest
Starting age
Dark Age
Ending age
Imperial Age
RankedLock teamsTeams togetherTeam positionsShared explorationLock speedFull tech treeHidden civsTurbo modeCheats
Victory
Defeat
🇪🇸 Sicilians · Spain
1322
+16
🇦🇺 Slavs · Australia
1321
-16
Tonaay
7:04 Loom
9:39 Feudal Age
10:01 Man-at-Arms
17:26 Double-Bit Axe
17:43 Horse Collar
18:18 Town Watch
23:20 Castle Age
23:02 Gold Mining
23:03 Stone Mining
23:09 Stone Mining
24:14 Bow Saw
24:48 Wheelbarrow
oldaq
7:02 Loom
9:39 Feudal Age
10:22 Double-Bit Axe
10:19 Horse Collar
21:13 Castle Age
19:06 Gold Mining
19:45 Bloodlines
20:41 Forging
22:36 Wheelbarrow
22:11 Husbandry
22:39 Scale Barding Armor
25:05 Bow Saw
Connection lost

Rejoining the realm…

Still unreachable

The connection could not be restored.

Session expired

The server has moved on; the page needs a fresh start.